 Dungeon Crawl Stone Soup version 0.30.1 (webtiles) character file.

Game seed: 2675020400997624293

235 shmup the Cudgeller (level 6, 0/37 HPs)
             Began as a Gargoyle Reaver on May 25, 2023.
             Slain by an adder (3 damage)
             ... on level 5 of the Dungeon on July 9, 2023.
             The game lasted 00:16:33 (4138 turns).

shmup the Cudgeller (Gargoyle Reaver)               Turns: 4138, Time: 00:16:34

Health: 0/37       AC: 12    Str: 15    XL:     6   Next: 5%
Magic:  9/9        EV: 10    Int: 14    God:
Gold:   524        SH:  5    Dex: 10    Spells: 8/9 levels left

rFire   . . .        a - +0 mace
rCold   . . .        (no shield)
rNeg    + . .        s - +3 ring mail
rPois   inf          (no helmet)
rElec   +            (no cloak)
rCorr   .            (no gloves)
SInv    .            (no boots)
Will    .....        e - amulet of reflection Stlth
                     l - ring of flight
HPRegen 0.26/turn    (no ring)
MPRegen 0.11/turn

%: reflection
@: flying
A: sickness immunity, AC +4, negative energy resistance 1, electricity
resistance, torment resistance 1, petrification resistance
a: no special abilities


You were on level 5 of the Dungeon.
You visited 1 branch of the dungeon, and saw 5 of its levels.

You collected 639 gold pieces.
You spent 115 gold pieces at shops.

Inventory:

Hand Weapons
 a - a +0 mace (weapon)
 o - a +1 heavy spear
Missiles
 g - 6 poisoned darts (quivered)
 h - 30 stones
Armour
 b - a +0 leather armour
 i - a +0 pair of boots
 n - a +0 helmet
 s - a +3 ring mail (worn)
 A - a +0 pair of boots
Magical Staves
 d - a staff of cold
 j - a staff of air
 y - a staff of death
Jewellery
 e - an amulet of reflection (around neck)
 l - a ring of flight (left hand)
Scrolls
 f - a scroll of amnesia {unknown}
 k - a scroll of silence
 m - 2 scrolls of immolation {unknown}
 p - 3 scrolls of teleportation
 q - a scroll of fear {unknown}
 r - 2 scrolls of fog {unknown}
 v - a scroll of blinking
 w - a scroll of acquirement
 x - 2 scrolls of identify
Potions
 c - a potion of heal wounds
 t - a potion of lignification
 u - a potion of curing
 z - a potion of flight {unknown}
 B - a potion of brilliance {unknown}


   Skills:
 - Level 3.0 Fighting
 - Level 5.0 Maces & Flails
 - Level 1.5 Dodging
 - Level 2.0 Spellcasting
 * Level 4.3 Conjurations
 * Level 1.9 Necromancy


You had 8 spell levels left.
You knew the following spells:

 Your Spells              Type           Power      Damage    Failure   Level
a - Kiss of Death         Conj/Necr      40%        2d8       13%         1

Your spell library contained the following spells:

 Spells                   Type           Power      Damage    Failure   Level
 Momentum Strike          Conj/Tloc      14%        3d8       28%         2
 Hailstorm                Conj/Ice       7%         3d4       50%         3
 Stone Arrow              Conj/Erth      14%        3d7       50%         3
 Ensorcelled Hibernation  Hex/Ice        2%         N/A       56%         2
 Ozocubu's Armour         Ice            1%         N/A       80%         3
 Spider Form              Tmut/Pois      1%         N/A       80%         3
 Anguish                  Hex/Necr       2%         N/A       97%         4
 Animate Armour           Summ/Erth      2%         N/A       99%         4
 Ozocubu's Refrigeration  Ice            0%         4d7       100%        7
 Lehudib's Crystal Spear  Conj/Erth      3%         10d3      100%        8


Dungeon Overview and Level Annotations

Branches:
Dungeon (5/15)             Temple (0/1) D:5

Altars:
Ashenzari
Dithmenos
Elyvilon
Wu Jian
The Shining One

Shops:
D:3 *

Annotations:
D:2 exclusion: downstairs
D:3 Grinder
D:4 2 transporters, exclusions: downstairs and upstairs, safid's ghost, novice MfIE
D:5 4 runed translucent doors


Innate Abilities, Weirdness & Mutations

You are immune to sickness and miasma.
Your stone body is resilient. (AC +4)
You are immune to poison.
You resist negative energy. (rN+)
You are resistant to electric shocks. (rElec)
You are resistant to unholy torment.
You are immune to petrification.


Message History

* * * LOW HITPOINT WARNING * * *
The orc misses you. Something hits you but does no damage.
The black bear barely misses you. The black bear closely misses you.
You block the black bear's attack. The adder misses you.
Unknown command.
You closely miss the black bear.
The black bear is lightly wounded.
The hound bites you but does no damage. The adder bites you but does no damage.
The orc hits you with a +0 club.
* * * LOW HITPOINT WARNING * * *
Something hits you.
* * * LOW HITPOINT WARNING * * *
You block the black bear's attack. The black bear claws you.
* * * LOW HITPOINT WARNING * * *
The black bear claws you but does no damage.
The hound closely misses you. You block the adder's attack.
You barely miss the black bear.
The black bear is lightly wounded.
You block the hound's attack. The orc closely misses you.
Something hits you but does no damage.
The black bear bites you but does no damage.
The black bear completely misses you. You block the black bear's attack.
The adder bites you but does no damage. The hound bites you but does no damage.
The black bear closely misses you.
The black bear claws you but does no damage.
The black bear claws you.
* * * LOW HITPOINT WARNING * * *
The orc hits you but does no damage. Something hits you.
* * * LOW HITPOINT WARNING * * *
You hit the black bear. You punch the black bear.
The black bear is lightly wounded.
An orc wizard appears from thin air!
Reactivating autopickup.
The adder bites you but does no damage. The hound misses you.
The black bear bites you.
* * * LOW HITPOINT WARNING * * *
You block the black bear's attack. The black bear claws you.
* * * LOW HITPOINT WARNING * * *
The adder bites you.
You die... ▒+▒......▒▒▒ ▒▒▒ ▒▒▒ ▒.▒......▒ ...▒ ..▒ ▒.'......▒ ...▒ ..▒ ▒.▒......▒ .... ..▒ ▒.▒▒▒▒▒▒▒▒ ▒so

..▒ ▒........▒▒▒+▒▒▒▒▒▒
..▒ ▒........+▒......▒
▒'▒ ▒.▒▒.....▒▒.hS...▒
..▒ ▒▒▒▒..▒▒▒▒▒o9▒▒..▒
..▒▒▒.▒▒'▒▒▒▒▒▒oh▒▒..▒
..▒........▒..▒..o...▒..+
..▒▒..▒▒...▒..▒......▒..▒
..▒▒..▒▒...▒..▒.▒▒▒▒▒▒▒▒▒
......▒▒..▒▒▒▒..▒.......
......▒▒..▒.......o....▒
..▒▒▒▒▒▒..▒.....o......▒
..▒▒..▒▒..▒....▒▒▒...▒▒▒


You could see a black bear, a scorpion, a hound, an orc wizard, an adder and 3
orcs.

Vanquished Creatures
  A hound (D:3)
  2 iguanas (D:4)
  An orc wizard (D:4)
  4 adders
  2 worms
  A dart slug (D:4)
  13 orcs
  4 endoplasms
  4 giant cockroaches
  4 goblins
  5 hobgoblins
  9 jackals
  2 quokkas
  5 ball pythons
  5 bats
  7 frilled lizards
  4 kobolds
  A rat (D:1)
74 creatures vanquished.

Notes
Turn   | Place    | Note
-------+----------+-------------------------------------------
     0 | D:1      | shmup the Gargoyle Reaver began the quest for the Orb.
     0 | D:1      | Reached XP level 1. HP: 12/12 MP: 3/3
   223 | D:1      | Upgraded the game from 0.30.0-18-gc0e69614cb to
                  | 0.30.0-19-g36f170ea60
   284 | D:1      | Upgraded the game from 0.30.0-19-g36f170ea60 to 0.30.1
   453 | D:1      | Reached XP level 2. HP: 13/14 MP: 5/5
  1215 | D:2      | Reached skill level 4 in Maces & Flails
  1222 | D:2      | Reached XP level 3. HP: 11/19 MP: 6/6
  1957 | D:3      | Reached XP level 4. HP: 14/26 MP: 7/7
  2095 | D:3      | Found an ornate altar of the Wu Jian Council.
  2267 | D:3      | Found Naokolis's General Store.
  2306 | D:3      | Found a shadowy altar of Dithmenos.
  2448 | D:3      | Noticed Grinder
  2448 | D:3      | Paralysed by Grinder for 5 turns
  2472 | D:3      | Paralysed by Grinder for 4 turns
  2629 | D:3      | Bought a scroll of blinking for 82 gold pieces
  2629 | D:3      | Bought a scroll of teleportation for 33 gold pieces
  2708 | D:4      | Found a white marble altar of Elyvilon.
  2835 | D:4      | HP: 1/27 [something (2)]
  2861 | D:4      | Reached skill level 1 in Necromancy
  2861 | D:4      | Reached XP level 5. HP: 24/31 MP: 8/8
  2925 | D:4      | Found a transporter.
  2925 | D:4      | Found a transporter.
  2926 | D:4      | Noticed safid's ghost (novice MfIE)
  2928 | D:4      | Identified 2 scrolls of acquirement
  2928 | D:4      | Acquired 435 gold pieces
  3049 | D:4      | Reached skill level 5 in Maces & Flails
  3311 | D:4      | Found a broken altar of Ashenzari.
  3315 | D:4      | Saw a vision of the Swamp and the Spider Nest.
  3315 | D:4      | Noticed an entropy weaver
  3315 | D:4      | Noticed a wolf spider
  3315 | D:4      | Noticed a jumping spider
  3315 | D:4      | Noticed a wolf spider
  3315 | D:4      | Noticed a demonic crawler
  3315 | D:4      | Noticed a jumping spider
  3315 | D:4      | Noticed a steelbarb worm
  3315 | D:4      | Noticed a jumping spider
  3315 | D:4      | Noticed an alligator
  3315 | D:4      | Noticed a ghost crab
  3315 | D:4      | Noticed a redback
  3315 | D:4      | Noticed a demonic crawler
  3316 | D:4      | Noticed a torpor snail
  3319 | D:4      | Noticed a tarantella
  3319 | D:4      | Noticed a tyrant leech
  3321 | D:4      | Noticed a culicivora
  3356 | D:4      | Identified the +0 great mace of Forgiveness {freeze, rPois
                  | rF+ Will+}
  3356 | D:4      | Noticed an ogre
  3356 | D:4      | Noticed an ogre
  3390 | D:4      | Reached XP level 6. HP: 23/37 MP: 9/9
  3864 | D:5      | Entered Level 5 of the Dungeon
  3907 | D:5      | Found a glowing golden altar of the Shining One.
  3921 | D:5      | Noticed a black bear
  3975 | D:5      | Found the +9 staff of Olgreb {rPois∞}
  3979 | D:5      | Found a runed translucent door.
  3982 | D:5      | Found a staircase to the Ecumenical Temple.
  3983 | D:5      | Noticed a redback
  3983 | D:5      | Noticed a redback
  3984 | D:5      | Found a runed translucent gate.
  3984 | D:5      | Found a runed translucent gate.
  3984 | D:5      | Noticed a redback
  3984 | D:5      | Noticed a redback
  3985 | D:5      | Found a runed translucent door.
  3989 | D:5      | Noticed a black bear
  4138 | D:5      | Slain by an adder

Illustrated notes

Levels and vault maps discovered:
D:1:      minmay_arrival_checkered_box, layout_loops_ring, patterned_corridor
D:2:      layout_rooms
D:3:      layout_basic, nzn_wu_jian_council_hall,
          grunt_dithmenos_smoke_and_mirrors, serial_shops, shop, uniq_grinder
D:4:      layout_rooms, elyvilon_altar_5, grunt_ashenzari_visionary
          [grunt_ashenzari_visionary_swamp, grunt_ashenzari_visionary_spider],
          gammafunk_ghost_smash, grunt_decor_arrowhead, uniq_crazy_yiuf_cottage
D:5:      minmay_clustersquares, layout_gridville,
          nicolae_overflow_crystal_walls, mainiacjoe_overflow_paths,
          minmay_temple_entry_junction, portal_sewer_entry_d,
          minmay_guarded_unrand_staff_of_olgreb

Skill      XL: |  1  2  3  4  5 |
---------------+----------------+-----
Maces & Flails | 4 5 |  5.0
Necromancy     | 1 |  1.9
Conjurations   | 4 |  4.3
Fighting       | 3 |  3.0
Dodging        | |  1.5
Spellcasting   | |  2.0

Action                     |  1- 3 |  4- 6 || total
---------------------------+-------+-------++-------
  Melee: Mace              |   153 |   205 ||   358
         Punch             |       |     2 ||     2
   Cast: Kiss of Death     |     2 |     1 ||     3
    Use: Scroll            |       |     5 ||     5
         Potion            |       |     1 ||     1
 Armour: Leather armour    |    68 |       ||    68
         Ring mail         |       |   168 ||   168
  Dodge: Dodged            |    95 |   155 ||   250
  Block: Other             |    27 |    75 ||   102
         Reflection        |       |     2 ||     2
